 Dungeon Crawl Stone Soup version 0.18-a0-125-g4c9da24 (webtiles) character file.

149 Proton the Skirmisher (level 5, 0/33 HPs)
             Began as a Gargoyle Fighter on Nov 21, 2015.
             Killed from afar by Natasha (5 damage)
             ... with a magic dart
             ... on level 2 of the Dungeon.
             The game lasted 00:04:13 (1289 turns).

Proton the Skirmisher (Gargoyle Fighter)            Turns: 1289, Time: 00:04:13

Health: 0/33       AC: 15    Str: 20    XL:     5   Next: 31%
Magic:  5/5        EV:  4    Int:  9    God:
Gold:   80         SH:  9    Dex:  9    Spells: 0 memorised, 4 levels left

rFire  . . .     SeeInvis .     a - +0 flail
rCold  . . .     Clarity  .     i - +0 plate armour
rNeg   + . .     SustAt   .     c - +0 shield
rPois  ∞         Gourm    .     (no helmet)
rElec  +         Spirit   .     (no cloak)
rCorr  .         Warding  .     (no gloves)
rMut   .         Stasis   .     (no boots)
MR     .....                    (no amulet)
Stlth  ..........               (no ring)
                                (no ring)

@: not resistant to hostile enchantments, extremely unstealthy
A: negative energy resistance 1, electricity resistance, unbreathing,
petrification resistance, rot immunity, AC +4
a: no special abilities


You were on level 2 of the Dungeon.
You were not hungry.

You visited 1 branch of the dungeon, and saw 2 of its levels.

You collected 80 gold pieces.

Inventory:

Hand Weapons
 a - a +0 flail (weapon)
Armour
 c - a +0 shield (worn)
 i - a +0 plate armour (worn)
Jewellery
 h - an uncursed ring of ice
Scrolls
 b - 2 scrolls of remove curse {unknown}
 g - a scroll of identify {unknown}
Potions
 d - a potion of might
 f - 2 potions of magic {unknown}
 j - a potion of poison {unknown}
Comestibles
 e - a bread ration


   Skills:
 + Level 4.2 Fighting
 + Level 3.1 Maces & Flails
 + Level 4.1 Armour
 + Level 1.2 Dodging
 + Level 3.9 Shields


You had 4 spell levels left.
You didn't know any spells.

Dungeon Overview and Level Annotations

Branches:
Dungeon (2/15)

Altars:

Annotations:
D:2 Natasha


Innate Abilities, Weirdness & Mutations

You are resistant to torment.
Your stone body is resilient (AC +4).
You are immune to poison.
You resist negative energy.
You are resistant to electric shocks.
You can survive without breathing.
You are immune to petrification.
You are immune to rotting.


Message History

Natasha casts a spell.
The bat hits you but does no damage. You block the bat's attack.
The bat hits you but does no damage. The bat barely misses you.
The bat hits you but does no damage. The bat barely misses you.
The bat hits you but does no damage. You block the bat's attack.
The bat hits you but does no damage.
Your shield and plate armour prevent you from hitting the bat.
The bat hits you. You block the bat's attack. You block the bat's attack.
You miss the bat. The bat hits you. The bat barely misses you.
The bat hits you but does no damage.
Natasha zaps a wand.
The puff of flame hits you!
* * * LOW HITPOINT WARNING * * *
It is a wand of flame {zapped: 1}.
You miss the bat. The bat barely misses you.
Natasha zaps a wand.
The puff of flame hits you! You block the bat's attack.
You completely miss the bat. You block the bat's attack.
Natasha casts a spell at you. The magic dart hits you!
You die...

#### ...# ##.##
#...########
#.#........#########
..............†.@h.#
#..#####.#.#######b#
...# #.#.# #.# #..#
#.#.# #.# #..# #.#.#
#.# #..# #.#.# #.#
#..# #.#.# #h# ...#
#.#.# #.# .#># #.#.#
#.#


You could see Natasha and a bat.

Vanquished Creatures
  Jessica (D:2)
  Natasha (D:2)
  5 adders (D:2)
  An ooze (D:2)
  A worm (D:2)
  4 giant cockroaches
  6 goblins
  5 hobgoblins
  6 jackals
  A quokka (D:2)
  5 bats
  2 giant newts (D:1)
  6 kobolds
  2 rats (D:1)
46 creatures vanquished.

Notes
Turn   | Place    | Note
--------------------------------------------------------------
     0 | D:1      | Proton the Gargoyle Fighter began the quest for the Orb.
     0 | D:1      | Reached XP level 1. HP: 14/14 MP: 1/1
   128 | D:1      | Reached XP level 2. HP: 17/19 MP: 2/2
   464 | D:1      | Reached XP level 3. HP: 23/23 MP: 3/3
   935 | D:2      | Reached XP level 4. HP: 26/29 MP: 4/4
  1060 | D:2      | Reached skill level 4 in Armour
  1185 | D:2      | Noticed Natasha
  1189 | D:2      | Killed Natasha
  1189 | D:2      | Reached skill level 1 in Dodging
  1225 | D:2      | Noticed Jessica
  1234 | D:2      | Killed Jessica
  1234 | D:2      | Reached XP level 5. HP: 33/33 MP: 5/5
  1256 | D:2      | Noticed Natasha
  1289 | D:2      | Killed from afar by Natasha

Vault maps used:
D:1:      zelgadis_glass_arrival_small, st_stairs_4
D:2:      uniq_natasha, uniq_jessica

Action                   |  1- 3 |  4- 6 || total
-------------------------+-------+-------++-------
Melee: Flail             |   147 |   109 ||   256
  Eat: Bread ration      |       |     1 ||     1
